General information
- name: BNet
- type: Ladder team game (AT/RT)
- host: Battle.net
- saver: IfUAint1stULast
map: FullScaleAssault
- players: 8
- length: 18:53
- speed: Fast
- version: 1.28 W3XP
- replay type: Public
» download(206 KB)
Players
team 1 (winner)
Bliss-Darkeyes (
yellow | 64 APM | 1205 actions | 18:52)
5 Blademaster
2 Wind Walk
3 Critical Strike
4 Tauren Chieftain
2 Endurance Aura
2 War Stomp
3 Shadow Hunter
1 Hex
2 Healing Wave
» actions
| Assign group hotkey | 19 | |
| Basic commands | 28 | |
| Build / train | 57 | |
| Enter build submenu | 13 | |
| Enter hero's abilities submenu | 12 | |
| Give item / drop item | 9 | |
| Remove unit from queue | 1 | |
| Right click | 574 | |
| Select / deselect | 243 | |
| Select group hotkey | 172 | |
| Use ability | 77 | |
1205 total
» units
| Peon | 9 | |
| Wind Rider | 10 | |
| Tauren | 3 | |
| Troll Batrider | 5 | |
27 total
» upgrades
| Ranged Weapons | 1 | |
| Envenomed Spears | 1 | |
| Pulverize | 1 | |
| Armor | 1 | |
| Melee Weapons | 1 | |
5 total
» buildings
| Altar of Storms | 1 | |
| Orc Burrow | 9 | |
| War Mill | 1 | |
| Voodoo Lounge | 1 | |
| Stronghold | 1 | |
| Fortress | 1 | |
| Beastiary | 2 | |
| Tauren Totem | 2 | |
18 total
» build order
00:21 Altar of Storms
00:36 Orc Burrow
01:39 War Mill
01:42 Orc Burrow
01:45 Voodoo Lounge
03:12 Stronghold
03:53 Orc Burrow
05:40 Fortress
05:46 Beastiary
05:47 Beastiary
05:49 Orc Burrow
07:25 Orc Burrow
07:26 Orc Burrow
08:10 Tauren Totem
08:10 Tauren Totem
09:31 Orc Burrow
09:32 Orc Burrow
14:58 Orc Burrow
» items
| Healing Salve | 2 | |
| Lesser Clarity Potion | 2 | |
| Staff of Teleportation | 1 | |
| Dust of Appearance | 1 | |
| Scroll of Town Portal | 1 | |
7 total

»
P1ayer_3 (
blue | 41 APM | 768 actions | 18:52)
4 Blademaster
2 Wind Walk
2 Critical Strike
» actions
| Assign group hotkey | 48 | |
| Basic commands | 37 | |
| Build / train | 44 | |
| Enter build submenu | 22 | |
| Enter hero's abilities submenu | 4 | |
| Right click | 226 | |
| Select / deselect | 225 | |
| Select group hotkey | 97 | |
| Use ability | 65 | |
768 total
» units
» upgrades
| Ranged Weapons | 3 | |
| Envenomed Spears | 1 | |
| Reinforced Defenses | 1 | |
| Pulverize | 1 | |
6 total
» buildings
| Altar of Storms | 1 | |
| Orc Burrow | 8 | |
| War Mill | 1 | |
| Voodoo Lounge | 1 | |
| Stronghold | 1 | |
| Watch Tower | 4 | |
| Beastiary | 3 | |
| Fortress | 1 | |
| Great Hall | 1 | |
| Tauren Totem | 3 | |
24 total
» build order
00:39 Altar of Storms
00:55 Orc Burrow
01:18 War Mill
01:24 Voodoo Lounge
01:35 Orc Burrow
03:04 Stronghold
03:11 Watch Tower
03:15 Watch Tower
03:17 Watch Tower
05:29 Beastiary
05:31 Beastiary
05:34 Beastiary
05:37 Orc Burrow
05:39 Orc Burrow
05:42 Fortress
07:30 Orc Burrow
07:32 Orc Burrow
07:38 Orc Burrow
08:19 Watch Tower
12:11 Great Hall
12:45 Orc Burrow
14:06 Tauren Totem
14:09 Tauren Totem
14:14 Tauren Totem
» items
| Healing Salve | 2 | |
| Lesser Clarity Potion | 3 | |
| Scroll of Town Portal | 2 | |
| Orb of Lightning | 1 | |
8 total

»
TrumpTrain69 (
teal | 46 APM | 877 actions | 18:52)
3 Archmage
1 Summon Water Elemental
2 Brilliance Aura
3 Paladin
1 Holy Light
1 Devotion Aura
1 Divine Shield
2 Mountain King
1 Storm Bolt
1 Bash
» actions
| Assign group hotkey | 20 | |
| Basic commands | 3 | |
| Build / train | 71 | |
| Enter build submenu | 38 | |
| Enter hero's abilities submenu | 8 | |
| Remove unit from queue | 2 | |
| Right click | 265 | |
| Select / deselect | 246 | |
| Select group hotkey | 142 | |
| Use ability | 82 | |
877 total
» units
| Peasant | 21 | |
| Footman | 4 | |
| Rifleman | 1 | |
| Gryphon Rider | 6 | |
32 total
» upgrades
| Lumber Harvesting | 2 | |
| Masonry | 3 | |
| Swords | 2 | |
| Armor | 1 | |
| Storm Hammers | 1 | |
9 total
» buildings
| Altar of Kings | 1 | |
| Barracks | 1 | |
| Farm | 13 | |
| Arcane Vault | 1 | |
| Blacksmith | 1 | |
| Keep | 1 | |
| Town Hall | 4 | |
| Scout Tower | 30 | |
| Arcane Tower | 3 | |
| Lumber Mill | 1 | |
| Guard Tower | 11 | |
| Castle | 1 | |
| Gryphon Aviary | 3 | |
71 total
» build order
00:18 Altar of Kings
00:24 Barracks
00:30 Farm
01:08 Farm
01:50 Farm
02:13 Arcane Vault
03:02 Blacksmith
03:06 Keep
03:53 Farm
04:23 Town Hall
04:31 Town Hall
04:47 Town Hall
05:19 Scout Tower
05:24 Scout Tower
05:48 Arcane Tower
05:56 Lumber Mill
06:01 Arcane Tower
07:23 Guard Tower
07:32 Town Hall
07:36 Scout Tower
07:37 Scout Tower
07:41 Scout Tower
08:20 Guard Tower
08:21 Guard Tower
08:23 Scout Tower
09:19 Guard Tower
09:21 Scout Tower
09:53 Guard Tower
09:57 Scout Tower
09:59 Scout Tower
10:00 Scout Tower
10:03 Scout Tower
10:04 Scout Tower
10:27 Guard Tower
10:51 Castle
11:03 Gryphon Aviary
11:06 Gryphon Aviary
11:07 Gryphon Aviary
11:15 Farm
11:18 Farm
11:18 Farm
11:19 Farm
11:22 Farm
11:23 Farm
11:26 Farm
11:27 Farm
11:29 Farm
13:55 Scout Tower
13:56 Scout Tower
13:57 Scout Tower
13:57 Scout Tower
13:58 Scout Tower
13:58 Scout Tower
14:00 Scout Tower
14:03 Scout Tower
14:03 Scout Tower
14:04 Scout Tower
14:05 Scout Tower
14:05 Scout Tower
14:06 Scout Tower
14:07 Scout Tower
14:07 Scout Tower
14:09 Scout Tower
14:10 Scout Tower
14:39 Guard Tower
14:45 Guard Tower
14:52 Scout Tower
15:19 Guard Tower
15:48 Guard Tower
16:23 Arcane Tower
16:43 Guard Tower
» items
IfUAint1stULast (
red | 16 APM | 303 actions | 18:53)
» actions
| Basic commands | 7 | |
| Build / train | 24 | |
| Enter build submenu | 13 | |
| Right click | 94 | |
| Select / deselect | 140 | |
| Use ability | 25 | |
303 total
» units
» upgrades
» buildings
| Lumber Mill | 1 | |
| Scout Tower | 10 | |
| Guard Tower | 4 | |
| Arcane Tower | 3 | |
| Farm | 2 | |
20 total
» build order
00:23 Lumber Mill
00:42 Scout Tower
00:44 Scout Tower
00:48 Scout Tower
00:49 Scout Tower
01:24 Scout Tower
01:30 Guard Tower
01:33 Guard Tower
02:10 Guard Tower
02:12 Guard Tower
02:13 Arcane Tower
03:21 Scout Tower
04:21 Scout Tower
04:24 Scout Tower
04:25 Scout Tower
05:12 Arcane Tower
06:26 Farm
06:30 Farm
09:58 Scout Tower
10:24 Arcane Tower
team 2 (loser)

»
Y.Y.Y (
pink | 130 APM | 2456 actions | 18:52)
7 Archmage
2 Summon Water Elemental
3 Brilliance Aura
2 Blizzard
2 Blood Mage
1 Flame Strike
1 Siphon Mana
1 Paladin
1 Holy Light
» actions
| Assign group hotkey | 74 | |
| Basic commands | 81 | |
| Build / train | 142 | |
| ESC pressed | 1 | |
| Enter build submenu | 52 | |
| Enter hero's abilities submenu | 9 | |
| Give item / drop item | 4 | |
| Right click | 619 | |
| Select / deselect | 543 | |
| Select group hotkey | 784 | |
| Use ability | 147 | |
2456 total
» units
| Peasant | 22 | |
| Footman | 5 | |
| Goblin Shredder | 6 | |
| Goblin Zeppelin | 5 | |
| Flying Machine | 5 | |
| Siege Engine | 7 | |
50 total
» upgrades
| Masonry | 3 | |
| Defend | 1 | |
| Flak Cannons | 1 | |
| Gunpowder | 3 | |
| Plating | 3 | |
| Barrage | 1 | |
| Fragmentation Shards | 1 | |
| Swords | 2 | |
| Armor | 2 | |
| Animal War Training | 1 | |
| Flare | 1 | |
| Storm Hammers | 1 | |
| Cloud | 1 | |
21 total
» buildings
| Altar of Kings | 1 | |
| Farm | 10 | |
| Barracks | 1 | |
| Lumber Mill | 1 | |
| Town Hall | 3 | |
| Scout Tower | 29 | |
| Arcane Tower | 3 | |
| Keep | 3 | |
| Guard Tower | 17 | |
| Blacksmith | 2 | |
| Castle | 3 | |
| Workshop | 7 | |
| Arcane Vault | 1 | |
| Gryphon Aviary | 4 | |
| Arcane Sanctum | 2 | |
87 total
» build order
00:07 Altar of Kings
00:10 Farm
00:20 Barracks
00:50 Farm
02:04 Farm
02:42 Lumber Mill
03:15 Town Hall
03:32 Scout Tower
04:13 Scout Tower
04:17 Arcane Tower
04:53 Arcane Tower
05:29 Keep
05:29 Keep
05:29 Keep
05:31 Scout Tower
05:33 Scout Tower
05:35 Scout Tower
05:49 Farm
05:52 Farm
06:06 Guard Tower
06:06 Guard Tower
06:06 Guard Tower
06:17 Farm
06:31 Farm
07:27 Scout Tower
07:28 Scout Tower
07:29 Scout Tower
07:30 Scout Tower
07:31 Scout Tower
07:34 Scout Tower
07:43 Blacksmith
07:45 Blacksmith
07:48 Scout Tower
07:50 Scout Tower
07:51 Scout Tower
07:51 Scout Tower
07:57 Castle
07:57 Castle
07:57 Castle
08:12 Guard Tower
08:18 Guard Tower
08:42 Guard Tower
08:42 Guard Tower
08:46 Guard Tower
08:47 Guard Tower
09:00 Town Hall
09:01 Scout Tower
09:01 Scout Tower
09:02 Scout Tower
09:02 Scout Tower
09:03 Scout Tower
09:36 Workshop
09:38 Workshop
09:42 Guard Tower
10:07 Guard Tower
10:12 Workshop
10:33 Town Hall
10:33 Scout Tower
10:33 Scout Tower
10:33 Scout Tower
10:34 Scout Tower
10:34 Scout Tower
10:34 Scout Tower
10:44 Workshop
11:26 Guard Tower
11:26 Guard Tower
12:01 Arcane Tower
12:12 Guard Tower
12:14 Farm
12:18 Guard Tower
12:19 Scout Tower
12:20 Scout Tower
12:20 Scout Tower
12:27 Arcane Vault
14:03 Workshop
14:05 Workshop
14:07 Workshop
15:00 Guard Tower
15:01 Guard Tower
16:29 Gryphon Aviary
16:30 Gryphon Aviary
16:40 Gryphon Aviary
16:43 Gryphon Aviary
16:45 Farm
16:46 Farm
17:49 Arcane Sanctum
17:51 Arcane Sanctum
» items
| Tome of Retraining | 1 | |
| Scroll of Healing | 1 | |
| Potion of Lesser Invulnerability | 1 | |
| Staff of Sanctuary | 1 | |
| Scroll of Regeneration | 1 | |
| Scroll of Town Portal | 1 | |
6 total

»
ONEDAYMORE3 (
orange | 128 APM | 2415 actions | 18:52)
5 Blademaster
2 Wind Walk
3 Critical Strike
4 Shadow Hunter
2 Healing Wave
2 Hex
3 Goblin Alchemist
2 Acid Bomb
1 Healing Spray
» actions
| Assign group hotkey | 130 | |
| Basic commands | 81 | |
| Build / train | 99 | |
| ESC pressed | 1 | |
| Enter build submenu | 18 | |
| Enter hero's abilities submenu | 13 | |
| Give item / drop item | 3 | |
| Remove unit from queue | 2 | |
| Right click | 742 | |
| Select / deselect | 632 | |
| Select group hotkey | 562 | |
| Use ability | 132 | |
2415 total
» units
| Peon | 10 | |
| Goblin Shredder | 1 | |
| Troll Headhunter/Berserker | 20 | |
| Shaman | 10 | |
| Kodo Beast | 3 | |
44 total
» upgrades
| Shaman Training | 2 | |
| Reinforced Defenses | 1 | |
| Berserker Upgrade | 1 | |
| Ranged Weapons | 3 | |
| War Drums Damage Increase | 1 | |
| Armor | 1 | |
| Troll Regeneration | 1 | |
10 total
» buildings
| Altar of Storms | 1 | |
| Orc Burrow | 8 | |
| Voodoo Lounge | 1 | |
| Stronghold | 1 | |
| Fortress | 1 | |
| Spirit Lodge | 1 | |
| War Mill | 1 | |
| Barracks | 3 | |
| Beastiary | 1 | |
| Great Hall | 1 | |
19 total
» build order
00:07 Altar of Storms
00:21 Orc Burrow
01:05 Voodoo Lounge
02:12 Stronghold
02:33 Orc Burrow
02:36 Orc Burrow
04:10 Orc Burrow
04:49 Fortress
04:50 Spirit Lodge
05:24 War Mill
06:13 Barracks
07:45 Barracks
10:50 Orc Burrow
11:32 Orc Burrow
12:06 Beastiary
13:33 Barracks
14:10 Orc Burrow
14:55 Orc Burrow
17:31 Great Hall
» items
| Healing Salve | 3 | |
| Lesser Clarity Potion | 1 | |
| Tiny Great Hall | 1 | |
| Orb of Corruption | 4 | |
9 total
MrBluePig (
green | 72 APM | 1359 actions | 18:52)
4 Blademaster
2 Wind Walk
2 Critical Strike
3 Shadow Hunter
1 Hex
2 Healing Wave
» actions
| Assign group hotkey | 27 | |
| Basic commands | 36 | |
| Build / train | 78 | |
| ESC pressed | 1 | |
| Enter build submenu | 21 | |
| Enter hero's abilities submenu | 7 | |
| Give item / drop item | 7 | |
| Right click | 507 | |
| Select / deselect | 208 | |
| Select group hotkey | 399 | |
| Use ability | 68 | |
1359 total
» units
| Peon | 13 | |
| Grunt | 3 | |
| Raider | 6 | |
| Spirit Walker | 3 | |
| Goblin Zeppelin | 1 | |
| Goblin Shredder | 2 | |
| Kodo Beast | 1 | |
| Troll Witch Doctor | 2 | |
| Troll Headhunter/Berserker | 2 | |
33 total
» upgrades
| Ensnare | 1 | |
| Spirit Walker Training | 1 | |
| Berserker Strength | 1 | |
| Melee Weapons | 2 | |
| Armor | 2 | |
| Pillage | 1 | |
| War Drums Damage Increase | 1 | |
| Witch Doctor Training | 2 | |
| Reinforced Defenses | 1 | |
| Spiked Barricades | 1 | |
| Berserker Upgrade | 1 | |
| Ranged Weapons | 1 | |
15 total
» buildings
| Altar of Storms | 1 | |
| Orc Burrow | 7 | |
| Barracks | 1 | |
| Voodoo Lounge | 2 | |
| Stronghold | 2 | |
| Spirit Lodge | 1 | |
| Beastiary | 1 | |
| War Mill | 1 | |
| Watch Tower | 5 | |
| Fortress | 1 | |
| Great Hall | 2 | |
24 total
» build order
00:06 Altar of Storms
00:20 Orc Burrow
00:34 Barracks
01:27 Voodoo Lounge
02:22 Stronghold
02:22 Stronghold
02:45 Orc Burrow
05:28 Spirit Lodge
05:29 Beastiary
06:05 Orc Burrow
07:03 War Mill
07:06 Orc Burrow
09:14 Orc Burrow
09:17 Watch Tower
09:45 Fortress
10:45 Orc Burrow
11:26 Watch Tower
11:31 Watch Tower
11:49 Voodoo Lounge
14:43 Orc Burrow
15:38 Great Hall
18:27 Great Hall
18:33 Watch Tower
18:33 Watch Tower
» items
| Healing Salve | 3 | |
| Circlet of Nobility | 3 | |
| Boots of Speed | 1 | |
| Scroll of Speed | 2 | |
| Scroll of Healing | 1 | |
| Potion of Lesser Invulnerability | 2 | |
| Orb of Lightning | 1 | |
| Tiny Great Hall | 1 | |
| Scroll of Town Portal | 2 | |
16 total

»
JBGarrison72 (
purple | 33 APM | 617 actions | 18:52)
5 Dreadlord
3 Vampiric Aura
2 Sleep
» actions
| Basic commands | 106 | |
| Build / train | 44 | |
| Enter build submenu | 19 | |
| Enter hero's abilities submenu | 5 | |
| Give item / drop item | 1 | |
| Right click | 176 | |
| Select / deselect | 237 | |
| Use ability | 29 | |
617 total
» units
| Acolyte | 10 | |
| Ghoul | 5 | |
| Crypt Fiend | 2 | |
| Frost Wyrm | 6 | |
23 total
» upgrades
| Creature Carapace | 2 | |
| Creature Attack | 2 | |
| Web | 1 | |
| Freezing Breath | 1 | |
6 total
» buildings
| Crypt | 1 | |
| Ziggurat | 6 | |
| Graveyard | 1 | |
| Altar of Darkness | 1 | |
| Tomb of Relics | 1 | |
| Halls of the Dead | 1 | |
| Nerubian Tower | 1 | |
| Black Citadel | 2 | |
| Sacrificial Pit | 1 | |
| Boneyard | 3 | |
| Necropolis | 1 | |
19 total
» build order
00:15 Crypt
00:32 Ziggurat
00:44 Graveyard
01:10 Altar of Darkness
01:21 Tomb of Relics
02:45 Ziggurat
02:53 Halls of the Dead
03:18 Ziggurat
03:24 Ziggurat
05:34 Nerubian Tower
05:55 Black Citadel
05:55 Black Citadel
07:10 Ziggurat
07:34 Sacrificial Pit
08:51 Boneyard
08:55 Boneyard
08:59 Boneyard
11:59 Necropolis
15:47 Ziggurat
» items
| Rod of Necromancy | 1 | |
| Potion of Healing | 1 | |
| Scroll of Town Portal | 1 | |
| Orb of Lightning | 2 | |
5 total
Chat log
(00:17 / All) Y.Y.Y: gl hf
(00:17 / All) MrBluePig: sup
(00:25 / All) Y.Y.Y: Love is in the air
(00:38 / All) IfUAint1stULast: how'd you hear about me and your moms
(00:53 / All) P1ayer_3: i had told him, sorry
(00:57 / All) Y.Y.Y: didnt know you are into necros
(00:59 / All) P1ayer_3: please dont be mad
(01:10 / All) IfUAint1stULast: yeah I dug her up and put a ring on that finger bone
(01:11 / All) P1ayer_3: ?
(01:14 / All) Y.Y.Y: necrophelist disgusting
(01:41 / All) IfUAint1stULast: jk, we both know ur moms is alive n well
(01:44 / All) Y.Y.Y: she is dead died of cancer
(01:48 / All) Y.Y.Y: nope
(01:53 / All) P1ayer_3: she didnt brah
(01:54 / All) IfUAint1stULast: im coming over for dinner tmmr but it was supposed to be a surprise
(01:55 / All) Y.Y.Y: unfortunately not
(02:01 / All) Y.Y.Y: pankreas cancer so stfu
(02:08 / All) TrumpTrain69: good
(02:08 / All) IfUAint1stULast: somebody just had to spoil the surprise
(02:10 / All) TrumpTrain69: fuck your mom
(02:11 / All) P1ayer_3: first of all
(02:27 / All) JBGarrison72: Y'all are chatty
(02:41 / Allies) P1ayer_3: my mans said fuck your hero
(03:07 / Allies) P1ayer_3: appreciat eu brother
(03:32 / Allies) P1ayer_3: anyone have mh tell me where to go?
(03:39 / Allies) IfUAint1stULast: inside base is usually best
(03:48 / Allies) IfUAint1stULast: because they don't expect harass
(03:52 / Allies) P1ayer_3: noob alert
(04:09 / Allies) P1ayer_3: double noob alert
(05:13 / All) P1ayer_3: Fuckin lvl 3
(05:19 / All) Y.Y.Y: you are noob
(05:20 / All) Y.Y.Y: so what lol
(06:38 / All) P1ayer_3: u really trapped me in here?
(06:46 / All) Y.Y.Y: im beginner :(
(07:34 / All) Bliss-Darkeyes: lel
(07:43 / Allies) P1ayer_3: anyone trying to creep a mine for me?
(08:26 / All) P1ayer_3: GET OUTTA MY CHURCH
(11:27 / Allies) P1ayer_3: red wanna feed me some more before i go on upeek
(11:29 / Allies) P1ayer_3: upkeep
(11:56 / Allies) TrumpTrain69: anyone wanna see my dick on twitch postgame?
(12:05 / Allies) TrumpTrain69: lmk
(12:22 / Allies) TrumpTrain69: yellow
(12:30 / Allies) P1ayer_3: yello can u hit top plz?
(12:40 / Allies) P1ayer_3: arite bud goin on upkeep
(13:21 / Allies) P1ayer_3: stop makin air lol we'll get raped
(13:38 / Allies) IfUAint1stULast: go for raider
(14:31 / All) P1ayer_3: how awesome is it for you orange?
(14:37 / All) P1ayer_3: there's an idiot who keeps giving u free experience
(14:45 / All) ONEDAYMORE3: he so bad
(15:01 / All) P1ayer_3: alright..
(15:03 / All) P1ayer_3: so we all made air
(15:07 / All) P1ayer_3: and yall all have mass anti air
(15:11 / All) P1ayer_3: so yea, no point in playing
(15:14 / All) Y.Y.Y: gg
(15:15 / All) Y.Y.Y: noobs
(15:16 / All) JBGarrison72: lol wut?
(15:18 / All) MrBluePig: red was cheesing you
(15:21 / All) MrBluePig: pink was chessing us
(15:51 / All) IfUAint1stULast: pink is just mad that i donkey punched his moms
(17:47 / Allies) TrumpTrain69: tp yellow
(17:49 / Allies) Bliss-Darkeyes: \coming
(18:52 / Allies) IfUAint1stULast: dat sux I was about to mass tier 3